 Dungeon Crawl Stone Soup version 0.20.1-1-g8b1a95d (webtiles) character file.

12877 renl the Fencer (level 12, -1/97 HPs)
             Began as a Barachi Fighter on July 14, 2017.
             Was an Elder of Cheibriados.
             Slain by a brown ugly thing (9 damage)
             ... on level 12 of the Dungeon on July 15, 2017.
             The game lasted 00:59:39 (10476 turns).

renl the Fencer (Barachi Fighter)                  Turns: 10476, Time: 00:59:39

Health: -1/97      AC: 12    Str: 30    XL:     12   Next: 0%
Magic:  0/14       EV: 11    Int: 19    God:    Cheibriados [****..]
Gold:   852        SH:  0    Dex: 21    Spells: 11/11 levels left

rFire    . . .     SeeInvis .   L - +0 great sword
rCold    . . .     Gourm    .   (shield currently unavailable)
rNeg     + . .     Faith    .   e - +0 plate armour
rPois    .         Spirit   .   (no helmet)
rElec    .         Reflect  .   J - +1 cloak
rCorr    .         Harm     .   (no gloves)
MR       .....                  (no boots)
Stlth    ..........             s - amulet of regeneration
Regen    0.7/turn               h - ring of positive energy
MPRegen  0.2/turn               (no ring)

@: corroded, very slow
A: +LOS, swims, slowness 1, strong legs 1
a: Hop, Bend Time, Temporal Distortion, Slouch, Renounce Religion


You were on level 12 of the Dungeon.
You worshipped Cheibriados.
Cheibriados was greatly pleased with you.
You were not hungry.

You visited 2 branches of the dungeon, and saw 13 of its levels.
You also visited: Sewer.

You collected 852 gold pieces.

Inventory:

Hand Weapons
 i - a +0 falchion of holy wrath
 L - a +0 great sword (weapon)
Armour
 e - a +0 plate armour (worn)
 J - a +1 cloak (worn)
Jewellery
 h - a ring of positive energy (left hand)
 n - an uncursed amulet of the gourmand
 s - an amulet of regeneration (around neck)
 z - a +4 amulet of reflection
Wands
 b - a wand of acid (6/15)
 l - a wand of acid (9/15)
 I - a wand of flame (42/48)
Scrolls
 a - a scroll of recharging
 j - a scroll of fog
 r - 2 scrolls of teleportation
 x - 7 scrolls of enchant weapon
 y - a scroll of fear
 B - a scroll of silence {unknown}
 E - 2 scrolls of magic mapping
 F - a scroll of remove curse
Potions
 c - a potion of might
 d - 9 potions of brilliance
 k - 9 potions of curing
 m - 3 potions of agility
 q - 3 potions of lignification {unknown}
 t - 2 potions of heal wounds
 u - a potion of flight {unknown}
 w - 2 potions of magic {unknown}
 C - 4 potions of mutation
 G - 2 potions of invisibility {unknown}
 H - a potion of cancellation {unknown}
 K - 2 potions of haste {unknown}
Books
 D - a book of Battle

   Spells                             Type                      Level
   a - Infusion                       Charms                       1
   b - Shroud of Golubria             Charms/Translocation         2
   c - Song of Slaying                Charms                       2
   d - Spectral Weapon                Hexes/Charms                 3
   e - Regeneration                   Charms/Necromancy            3
 M - a book of Party Tricks

   Spells                             Type                      Level
   a - Summon Butterflies             Summoning                    1
   b - Apportation                    Translocation                1
   c - Lesser Beckoning               Translocation                3
   d - Tukima's Dance                 Hexes                        3
   e - Alistair's Intoxication        Transmutation/Poison         5
   f - Invisibility                   Hexes                        6
Miscellaneous
 v - a phantom mirror
Comestibles
 f - 16 bread rations
 o - 14 fruits
 p - 8 royal jellies
 A - 5 meat rations
 N - 2 chunks of flesh


   Skills:
 + Level 10.1 Fighting
 + Level 16.2 Long Blades
 + Level 9.9 Armour
 + Level 4.4 Dodging
   Level 3.2 Shields
 * Level 2.6 Invocations
 + Level 0.4 Evocations


You had 11 spell levels left.
You didn't know any spells.

Dungeon Overview and Level Annotations

Branches:
Dungeon (12/15)            Temple (1/1) D:4            Lair (0/6) D:10
    Orc (0/2) D:10

Altars:
Ashenzari
Cheibriados
Dithmenos
Elyvilon
Fedhas
Gozag
Hepliaklqana
Kikubaaqudgha
Makhleb
Nemelex Xobeh
Okawaru
Qazlal
Ru
Sif Muna
Trog
Uskayaw
Vehumet
Xom
Yredelemnul
Zin
The Shining One

Shops:
D:6 *   D:10 }   D:11 !

Portals:
Trove: D:10 (show slimy rune of Zot)


Innate Abilities, Weirdness & Mutations

Shadows flee at your approach. (+LOS)
You can swim through water.
You cover ground slowly.
You can hop short distances.


Message History

Increase (S)trength, (I)ntelligence, or (D)exterity?
You feel stronger.
You feel agile. The eye of draining gazes at you.
You feel your power leaking away.
You slash the brown ugly thing!
The brown ugly thing is lightly wounded.
The brown ugly thing claws you but does no damage.
You completely miss the brown ugly thing.
The brown ugly thing is lightly wounded.
The brown ugly thing barely misses you.
You slice the brown ugly thing!!
The brown ugly thing is heavily wounded.
The brown ugly thing claws you.
* * * LOW HITPOINT WARNING * * *
You are splashed with acid!
The acid burns!
* * * LOW HITPOINT WARNING * * *
You hit the brown ugly thing.
The brown ugly thing is heavily wounded.
The brown ugly thing claws you!
You die...

..# #.# ###
#.## .. ....
<....# .#..#
.o.# #### #Gu#
#. #... #@.#
#.##.## #..#
#.##.# #..#
#.##.#
#######..#####
#.##.#
.............#
#.##.#
########.....#
#.##.# #.##..#
##.##.#
#.#.###
#.(...#
#.##.(##
#^.####


You could see a brown ugly thing, an eye of draining and an orc.

Vanquished Creatures
  A two-headed ogre (D:8)
  Pikel (D:5)
  A cyclops (D:12)
  3 ugly things
  A manticore (D:11)
  A black mamba (shapeshifter) (D:11)
  Maurice (D:8)
  Psyche (D:12)
  A komodo dragon (D:10)
  A troll (D:12)
  Prince Ribbit (D:6)
  A hornet (D:10)
  3 hippogriffs
  A spriggan (D:6)
  A wraith (D:12)
  Sigmund (D:2)
  3 yaks (D:12)
  Edmund (D:5)
  A soldier ant (D:11)
  A water moccasin (D:7)
  2 porcupines (D:10)
  3 sky beasts
  2 black bears
  An ice beast (D:12)
  5 orc warriors
  2 phantoms
  A necrophage (D:7)
  A centaur (D:9)
  9 ogres
  8 big kobolds
  9 bullfrogs
  A wyvern skeleton (D:8)
  4 scorpions
  3 killer bees (D:7)
  6 wights
  9 crimson imps
  3 howler monkeys (D:7)
  A bullfrog zombie (D:11)
  4 hounds
  2 jellies
  A gnoll shaman (D:6)
  7 orc priests
  3 bullfrog skeletons
  2 centaur skeletons
  An iron imp (D:7)
  An iguana (D:5)
  11 orc wizards
  9 worker ants
  A hound zombie (D:8)
  2 hound skeletons
  A worker ant zombie (D:9)
  13 adders
  7 gnolls
  4 shadow imps
  2 oozes (Sewer)
  2 adder skeletons (D:6)
  3 worms
  2 dart slugs (D:2)
  8 leopard geckos
  60 orcs
  A giant cockroach (D:1)
  16 goblins
  6 hobgoblins
  11 jackals
  33 kobolds
  6 quokkas
  5 ball pythons
  5 bats
  5 frilled lizards
  A leopard gecko zombie (D:7)
  A quokka skeleton (D:4)
  10 rats
  A plant (D:10)
343 creatures vanquished.

Vanquished Creatures (others)
  2 slaves
  A centaur (D:5)
  A killer bee (D:7)
  An orc wizard (D:4)
  A jelly (D:5)
  A worker ant (D:5)
  An adder (D:5)
  A shadow imp (D:5)
  A fungus (D:10)
  A plant (D:10)
11 creatures vanquished.

Grand Total: 354 creatures vanquished

Notes
Turn   | Place    | Note
-------+----------+-------------------------------------------
     0 | D:1      | renl the Barachi Fighter began the quest for the Orb.
     0 | D:1      | Reached XP level 1. HP: 18/18 MP: 1/1
   101 | D:1      | Reached XP level 2. HP: 8/25 MP: 2/2
   245 | D:1      | Reached skill level 3 in Long Blades
   398 | D:1      | Reached XP level 3. HP: 28/30 MP: 3/3
   785 | D:2      | Noticed Sigmund
   805 | D:2      | Killed Sigmund
   805 | D:2      | Reached skill level 5 in Long Blades
   805 | D:2      | Reached XP level 4. HP: 6/38 MP: 4/4
   805 | D:2      | Reached XP level 5. HP: 7/43 MP: 5/5
   820 | D:2      | Reached skill level 1 in Dodging
   861 | D:2      | You fall through a shaft!
   861 | D:3      | Found an ancient bone altar of Kikubaaqudgha.
   881 | D:3      | Reached XP level 6. HP: 14/49 MP: 6/6
   887 | D:3      | Reached skill level 5 in Armour
  1079 | D:3      | Found a glowing drain.
  1087 | D:3      | Reached skill level 6 in Long Blades
  1097 | Sewer    | Entered a sewer
  1264 | Sewer    | Reached skill level 7 in Long Blades
  1264 | Sewer    | Reached XP level 7. HP: 25/55 MP: 7/7
  1539 | D:3      | Reached skill level 5 in Fighting
  1567 | D:3      | Found a blossoming altar of Fedhas.
  1648 | D:3      | Found a faded altar of an unknown god.
  1686 | D:3      | Reached skill level 8 in Long Blades
  1885 | D:3      | Reached XP level 8. HP: 10/62 MP: 8/8
  2210 | D:4      | Found an opulent altar of Gozag.
  2211 | D:4      | Found a sacrificial altar of Ru.
  2286 | D:4      | Reached skill level 9 in Long Blades
  2339 | D:4      | Found a staircase to the Ecumenical Temple.
  2351 | Temple   | Entered the Ecumenical Temple
  3224 | D:5      | Entered Level 5 of the Dungeon
  3227 | D:5      | Noticed Pikel
  3245 | D:5      | Killed Pikel
  3245 | D:5      | Reached skill level 10 in Long Blades
  3257 | D:5      | Reached XP level 9. HP: 46/69 MP: 9/9
  3571 | D:5      | Noticed Edmund
  3587 | D:5      | Killed Edmund
  3596 | D:5      | Found a bloodstained altar of Trog.
  3726 | D:6      | Reached skill level 11 in Long Blades
  3848 | D:6      | Noticed Prince Ribbit
  3864 | D:6      | Killed Prince Ribbit
  4706 | D:6      | Found Boridwig's General Store.
  4899 | D:6      | Reached skill level 12 in Long Blades
  5224 | D:6      | Reached XP level 10. HP: 17/79 MP: 10/10
  5376 | D:7      | Reached skill level 13 in Long Blades
  5411 | D:7      | Found a snail-covered altar of Cheibriados.
  5411 | D:7      | Found a deep blue altar of Sif Muna.
  5412 | D:7      | Found a glowing silver altar of Zin.
  5417 | D:7      | Became a worshipper of Cheibriados the Contemplative
  5779 | D:7      | Found a snail-covered altar of Cheibriados.
  5855 | D:7      | Reached * piety under Cheibriados
  6568 | D:8      | Noticed a two-headed ogre
  6576 | D:8      | Killed a two-headed ogre
  6576 | D:8      | Reached skill level 14 in Long Blades
  7174 | D:8      | Found a hazy altar of Hepliaklqana.
  7175 | D:8      | Found a shimmering altar of Xom.
  7176 | D:8      | Noticed a spectral ugly thing
  7202 | D:8      | Reached ** piety under Cheibriados
  7211 | D:8      | Noticed Maurice
  7237 | D:8      | Killed Maurice
  7363 | D:8      | Found a hide-covered altar of Uskayaw.
  7364 | D:8      | Found an iron altar of Okawaru.
  7940 | D:9      | Reached XP level 11. HP: 41/87 MP: 11/11
  8143 | D:9      | Reached *** piety under Cheibriados
  8210 | D:9      | Found an iron altar of Okawaru.
  8457 | D:10     | Entered Level 10 of the Dungeon
  8501 | D:10     | Reached skill level 15 in Long Blades
  8567 | D:10     | Found a staircase to the Orcish Mines.
  8630 | D:10     | Found Imurho's Gadget Shoppe.
  8784 | D:10     | Found a portal to a secret trove of treasure.
  8854 | D:10     | Reached **** piety under Cheibriados
  8973 | D:10     | Found a staircase to the Lair.
  9286 | D:11     | Noticed a white ugly thing
  9296 | D:11     | Killed a white ugly thing
  9296 | D:11     | Reached skill level 1 in Invocations
  9541 | D:11     | Reached ***** piety under Cheibriados
  9598 | D:11     | Noticed a white ugly thing
  9610 | D:11     | Killed a white ugly thing
  9930 | D:11     | Noticed a manticore
  9935 | D:11     | Killed a manticore
 10073 | D:11     | Found Olig Xof's Distillery.
 10298 | D:12     | Noticed Psyche
 10323 | D:12     | Killed Psyche
 10360 | D:12     | Noticed a cyclops
 10366 | D:12     | Killed a cyclops
 10366 | D:12     | Reached skill level 10 in Fighting
 10366 | D:12     | Reached skill level 16 in Long Blades
 10455 | D:12     | Noticed a white ugly thing
 10459 | D:12     | Noticed a brown ugly thing
 10468 | D:12     | Killed a brown ugly thing
 10472 | D:12     | Reached XP level 12. HP: 12/97 MP: 0/14
 10476 | D:12     | Slain by a brown ugly thing

Skill      XL: |  1  2  3  4  5  6  7  8  9 10 11 |
---------------+----------------------------------+-----
Armour         | 4 5 6 7 8 9 |  9.9
Long Blades    | 3 5 7 8 10 12 14 16 | 16.2
Fighting       | 4 5 7 8 10 | 10.1
Dodging        | 1 2 3 4 |  4.4
Invocations    | 2 |  2.6
Shields        | |  3.2
Evocations     | |  0.4

Action                   |  1- 3 |  4- 6 |  7- 9 | 10-12 || total
-------------------------+-------+-------+-------+-------++-------
Melee: Long sword        |   120 |   125 |   550 |   162 ||   957
       Great sword       |       |       |       |   428 ||   428
Invok: Bend Time         |       |       |       |     2 ||     2
Evoke: Wand              |       |       |       |     2 ||     2
  Use: Potion            |     1 |       |       |     2 ||     3
       Scroll            |       |       |     5 |    12 ||    17
  Eat: Chunk             |       |     6 |    41 |    36 ||    83
Armor: Scale mail        |    28 |    92 |   120 |       ||   240
       Chain mail        |       |       |    29 |    96 ||   125
       Plate armour      |       |       |       |   190 ||   190
Dodge: Dodged            |    39 |    45 |   131 |   243 ||   458
Block: Shield            |    62 |    81 |   246 |    72 ||   461
       Reflection        |       |       |     3 |     4 ||     7
       Other             |       |       |       |    19 ||    19
       Rpst.: Long sword |    17 |    14 |    36 |     1 ||    68
       Great sword       |       |       |       |    70 ||    70
